 Dungeon Crawl Stone Soup version 0.22-a0-803-gd6d8abeff0 (webtiles) character file.

47 Holzbalken the Cudgeler (level 3, -6/32 HPs)
             Began as a Naga Warper on July 22, 2018.
             Mangled by a gnoll (8 damage)
             ... on level 2 of the Dungeon.
             The game lasted 00:03:40 (1384 turns).

Holzbalken the Cudgeler (Naga Warper)               Turns: 1384, Time: 00:03:40

Health: -6/32      AC:  2    Str: 14    XL:     3   Next: 70%
Magic:  6/6        EV:  9    Int: 13    God:
Gold:   63         SH:  3    Dex: 10    Spells: 3/7 levels left

rFire    . . .     SeeInvis +   a - +0 mace
rCold    . . .     Gourm    .   (no shield)
rNeg     . . .     Faith    .   b - +0 leather armour
rPois    +         Spirit   .   (no helmet)
rElec    .         Reflect  +   (no cloak)
rCorr    .         Harm     .   (no gloves)
MR       .....                  (no barding)
Stlth    +.........             h - +3 amulet of reflection
HPRegen  0.10/turn              (no ring)
MPRegen  0.10/turn              (no ring)

@: short of breath, very slow
A: large, see invisible, deformed body, poison resistance, slowness 2, slow
metabolism 1, spit poison 1, AC +1
a: Spit Poison


You were on level 2 of the Dungeon.
You were not hungry.

You visited 1 branch of the dungeon, and saw 2 of its levels.

You collected 63 gold pieces.

Inventory:

Hand Weapons
 a - a +0 mace (weapon)
Missiles
 e - 5 tomahawks of dispersal (quivered)
Armour
 b - a +0 leather armour (worn)
Jewellery
 h - a +3 amulet of reflection (around neck)
Scrolls
 d - a scroll of blinking
 g - a scroll of enchant weapon {unknown}
 i - a scroll of identify {unknown}
 k - a scroll of magic mapping {unknown}
 n - a scroll of amnesia {unknown}
Potions
 c - a potion of might {unknown}
 j - a potion of curing {unknown}
 l - a potion of lignification {unknown}
Comestibles
 f - 5 rations
 m - a chunk of flesh


   Skills:
 - Level 2.0 Fighting
 * Level 3.4 Maces & Flails
 - Level 0.8 Throwing
 - Level 0.7 Armour
 - Level 1.5 Dodging
 + Level 2.6 Spellcasting
 - Level 3.0 Translocations


You had 3 spell levels left.
You knew the following spells:

 Your Spells              Type           Power        Failure   Level  Hunger
a - Blink                 Tloc           N/A          14%         2    ###....
b - Shroud of Golubria    Chrm/Tloc      #.........   26%         2    ###....

Your spell library contained the following spells:

 Spells                   Type           Power        Failure   Level  Hunger
 Teleport Other           Tloc           #.......     26%         3    ###....
 Passage of Golubria      Tloc           N/A          65%         4    #####..
 Gell's Gravitas          Tloc           #.........   26%         3    ###....
 Lesser Beckoning         Tloc           #.........   26%         3    ###....


Dungeon Overview and Level Annotations

Branches:
Dungeon (2/15)

Altars:


Innate Abilities, Weirdness & Mutations

You cannot wear boots.
Your serpentine skin is tough. (AC +1)
You have supernaturally acute eyesight. (SInv)
Armour fits poorly on your strangely shaped body.
Your system is resistant to poisons. (rPois)
You cover ground very slowly.
You have a slow metabolism.
You can spit poison.


Message History

The splash of poison hits the gnoll.
The gnoll is poisoned.
The gnoll is severely wounded.
You feel slightly more hungry. The gnoll closely misses you.
You sock the gnoll!
You kill the gnoll!
The gnoll closely misses you.
You closely miss the gnoll. The gnoll hits you but does no damage.
You closely miss the gnoll. The gnoll hits you!
* * * LOW HITPOINT WARNING * * *
You barely miss the gnoll.
You have got your breath back.
You block the gnoll's attack.
Press: ? - help, Shift-Dir - straight line, f - gnoll
Aim: a gnoll The splash of poison misses the gnoll.
You feel slightly more hungry. You block the gnoll's attack.
You hit the gnoll.
The gnoll is lightly wounded.
The gnoll hits you!
You die...

#### .... # # ..# # #.#.
#g##.#.# #...# ##@?..#
#..## ##.##### .
#.###.## . .####.#.## ..
..# ##..# #. #.# ##.#
##. #.# ###.###########
#..###.# #.............#
#......##.#..#####.###.#


You could see a gnoll.

Vanquished Creatures
  3 gnolls (D:2)
  2 giant cockroaches
  3 hobgoblins
  2 jackals (D:1)
  3 kobolds (D:1)
  A bat (D:2)
  2 frilled lizards
  A goblin (D:1)
  A rat (D:1)
18 creatures vanquished.

Notes
Turn   | Place    | Note
-------+----------+-------------------------------------------
     0 | D:1      | Holzbalken the Naga Warper began the quest for the Orb.
     0 | D:1      | Reached XP level 1. HP: 19/19 MP: 3/3
   538 | D:1      | Reached XP level 2. HP: 13/26 MP: 5/5
   698 | D:1      | Learned a level 2 spell: Blink
   701 | D:1      | Learned a level 2 spell: Shroud of Golubria
  1375 | D:2      | Reached XP level 3. HP: 10/32 MP: 6/6
  1381 | D:2      | HP: 1/32 [gnoll (8)]
  1384 | D:2      | Mangled by a gnoll

Vault maps used:
D:1:      lemuel_arrival_cross
D:2:      gammafunk_temple_overflow_wave, grunt_dithmenos_smoke_and_mirrors

Skill      XL: |  1  2 |
---------------+-------+-----
Maces & Flails | 3 |  3.4
Fighting       | |  2.0
Throwing       | |  0.8
Armour         | |  0.7
Dodging        | |  1.5
Spellcasting   | |  2.6
Translocations | |  3.0

Action                   || total
-------------------------++-------
Melee: Mace              ||    63
 Abil: Spit Poison       ||     3
 Stab: Sleeping          ||     1
  Eat: Chunk             ||     1
Armor: Leather armour    ||    15
Dodge: Dodged            ||    37
Block: Other             ||     5

Table legend:
 A = Spawn XP
 B = Non-spawn XP
 C = Spawn XP percentage of total XP
 D = Spawn monster count
 E = Non-spawn monster count
 F = Spawn count percentage of total count
 G = Total turns spent on level
                    A         B        C        D         E        F      G
               +---------+---------+-------+---------+---------+-------+---------
         Total |       0 |      68 |   0.0 |       0 |      18 |   0.0 |  1384
               +---------+---------+-------+---------+---------+-------+---------
           D:1 |       0 |      18 |   0.0 |       0 |      11 |   0.0 |  1247
           D:2 |       0 |      50 |   0.0 |       0 |       7 |   0.0 |   137
               +---------+---------+-------+---------+---------+-------+---------
